 Dungeon Crawl Stone Soup version 0.27-a0-1140-g099f9bb0e8 (webtiles) character file.

Game seed: 17720189803456822647

7 RustandSilver the Ruffian (level 2, -2/26 HPs)
             Began as a Ghoul Monk on May 9, 2021.
             Slain by a goblin
             ... wielding a +0 club
              (3 damage)
             ... on level 1 of the Dungeon.
             The game lasted 00:02:11 (378 turns).

RustandSilver the Ruffian (Ghoul Monk)               Turns: 378, Time: 00:02:12

Health: -2/26      AC:  2    Str: 14    XL:     2   Next: 0%
Magic:  1/1        EV: 12    Int:  5    God:
Gold:   8          SH:  0    Dex: 11    Spells: 1/1 levels left

rFire    . . .     SeeInvis .     - Unarmed
rCold    + . .     Faith    .   (no shield)
rNeg     + + +     Spirit   .   a - +0 robe
rPois    ∞         Reflect  .   (no helmet)
rElec    .         Harm     .   (no cloak)
rCorr    .         Rampage  .   (no gloves)
Will     .....                  (no boots)
Stlth    ++........             (no amulet)
HPRegen  0.00/turn              (no ring)
MPRegen  0.07/turn              (no ring)

@: no status effects
A: claws 1, cold resistance 1, negative energy resistance 3, inhibited
regeneration, torment resistance 2, unbreathing 1
a: no special abilities


You were on level 1 of the Dungeon.
You visited 1 branch of the dungeon, and saw 1 of its levels.

You collected 8 gold pieces.

Inventory:

Armour
 a - a +0 robe (worn)
Scrolls
 d - a scroll of amnesia {unknown}
Potions
 b - a potion of magic {unknown}
 c - a potion of curing {unknown}
 e - a potion of brilliance {unknown}


   Skills:
 + Level 3.4 Fighting
 + Level 2.8 Dodging
 + Level 2.2 Stealth
 + Level 3.5 Unarmed Combat


You had one spell level left.
You didn't know any spells.
Your spell library was empty.

Dungeon Overview and Level Annotations

Branches:
Dungeon (1/15)

Altars:


Innate Abilities, Weirdness & Mutations

You thrive by killing the living.
You are immune to poison.
You have sharp fingernails.
Your flesh is cold resistant. (rC+)
You are immune to negative energy. (rN+++)
You do not regenerate when monsters are visible.
You are immune to unholy pain and torment.
You can survive without breathing.


Message History

d - a scroll labelled OROCHEG QOESS
e - a sapphire potion Your movement speed is average.
Your attack delay is about 0.9.
A hobgoblin comes into view.
A hobgoblin is nearby!
A hobgoblin comes into view.
A goblin comes into view. It is wielding a +0 club.
The goblin shouts!
The hobgoblin shouts!
The hobgoblin closely misses you.
A goblin comes into view. It is wielding a +0 club.
The hobgoblin shouts!
The goblin shouts!
You scratch the hobgoblin.
The hobgoblin is moderately wounded.
The hobgoblin closely misses you. The hobgoblin hits you.
You barely miss the hobgoblin.
The hobgoblin is moderately wounded.
The hobgoblin hits you. The hobgoblin barely misses you.
You scratch the hobgoblin.
The hobgoblin is heavily wounded.
The hobgoblin barely misses you. x2
You closely miss the hobgoblin.
The hobgoblin is moderately wounded.
The hobgoblin hits you. The goblin barely misses you.
The hobgoblin closely misses you.
You completely miss the hobgoblin.
The hobgoblin is moderately wounded.
The hobgoblin barely misses you. The hobgoblin hits you.
The goblin hits you with a +0 club.
You scratch the hobgoblin but do no damage.
The hobgoblin is moderately wounded.
The hobgoblin hits you. The goblin hits you with a +0 club.
* * * LOW HITPOINT WARNING * * *
The hobgoblin hits you.
* * * LOW HITPOINT WARNING * * *
You completely miss the hobgoblin.
The hobgoblin is moderately wounded.
The hobgoblin hits you but does no damage.
The goblin hits you with a +0 club.
You die...

#>..................#.
#######.....#...........
..........#.####.##.##..
..........#......##.##..
....................##.#
....(....#####.#.### #.
....###............
.######.#.###.##....
......g@g...... .###
.######g#..#... .
.......g....... .
.######........
#......## .......#
##....... ..#..## ......


You could see 2 hobgoblins and 2 goblins.

Vanquished Creatures
  2 bats (D:1)
  2 goblins (D:1)
  A quokka (D:1)
  A rat (D:1)
6 creatures vanquished.

Notes
Turn   | Place    | Note
-------+----------+-------------------------------------------
     0 | D:1      | RustandSilver the Ghoul Monk began the quest for the Orb.
     0 | D:1      | Reached XP level 1. HP: 19/19 MP: 0/0
    16 | D:1      | Noticed an electric eel
   282 | D:1      | Reached XP level 2. HP: 19/26 MP: 1/1
   376 | D:1      | HP: 1/26 [hobgoblin (4)]
   378 | D:1      | Slain by a goblin

Illustrated notes

Levels and vault maps discovered:
D:1:      arrival_aquarium_a, layout_basic, dk_noncrumbling_2

Action                   || total
-------------------------++-------
Melee: Unarmed           ||    38
 Stab: Sleeping          ||     1
Armor: Robe              ||    15
Dodge: Dodged            ||    42

Table legend: (Time is in decaauts)
 A = Elapsed time spent in this place.
 B = Non-inter-level travel time spent in this place.
 C = Inter-level travel time spent in this place.
 D = Time resting spent in this place.
 E = Time spent auto-exploring this place.
 F = Levels seen in this place.
 G = Mean time per level.
                   A        B        C        D        E       F      G
               +--------+--------+--------+--------+--------+-----+--------+
         Total |    376 |    376 |      0 |      0 |    200 |   1 |  376.0 |
       Dungeon |    376 |    376 |      0 |      0 |    200 |   1 |  376.0 |
               +--------+--------+--------+--------+--------+-----+--------+

Top non-repeatable levels by time:
     D:1: 376 daAuts
